 Dungeon Crawl Stone Soup version 0.17-a0-1987-gaf5a542 (webtiles) character file.

1481 4thArraOfDagon the Chopper (level 8, 0/68 HPs)
             Began as a Ghoul Gladiator on Oct 6, 2015.
             Was a Believer of Makhleb.
             Slain by a wolf (5 damage)
             ... on level 9 of the Dungeon.
             The game lasted 00:11:04 (2512 turns).

4thArraOfDagon the Chopper (Ghoul Gladiator)        Turns: 2512, Time: 00:11:04

Health: 0/68       AC: 13    Str: 21    XL:     8   Next: 79%
Magic:  10/10      EV:  7    Int: 10    God:    Makhleb [**....]
Gold:   313        SH:  0    Dex:  9    Spells: 0 memorised, 7 levels left

rFire  + . .     SeeInvis .     a - +0 war axe
rCold  . . .     Clarity  .     d - +0 plate armour {rPois}
rNeg   + + +     SustAt   .     (no shield)
rPois  ∞         Gourm    .     c - +0 helmet
rElec  .         Spirit   .     (no cloak)
rCorr  .         Warding  .     (no gloves)
rMut   .         Stasis   .     s - +0 pair of boots
MR     .....                    h - amulet of faith
Stlth  ..........               r - ring of fire
                                m - +2 ring of strength

@: brilliant, rotting, not resistant to hostile enchantments, extremely
unstealthy
A: rotting body, claws 1, carnivore 3, cold resistance 1, negative energy
resistance 3, slow regeneration 1, torment resistance, unbreathing
a: Minor Destruction, Renounce Religion


You were on level 9 of the Dungeon.
You worshipped Makhleb.
Makhleb was pleased with you.
You were not hungry.

You visited 1 branch of the dungeon, and saw 10 of its levels.

You collected 313 gold pieces.

Inventory:

Hand Weapons
 a - a +0 war axe (weapon)
Missiles
 H - 2 javelins (quivered)
Armour
 c - a +0 helmet (worn)
 d - a +0 plate armour of poison resistance (worn)
 s - a +0 pair of boots (worn)
Jewellery
 h - an amulet of faith (around neck)
 m - a +2 ring of strength (left claw)
 r - a ring of fire (right claw)
Wands
 j - a wand of flame (43)
 G - a wand of magic darts (24)
Scrolls
 b - 2 scrolls of remove curse {unknown}
 f - a scroll of blinking {unknown}
 l - 2 scrolls of fear {unknown}
 n - a scroll of enchant weapon {unknown}
 p - 3 scrolls of immolation {unknown}
 t - a scroll of magic mapping {unknown}
 v - a scroll of fog {unknown}
 y - a scroll of vulnerability {unknown}
 A - a scroll of amnesia
 I - 3 scrolls of identify
Potions
 g - a potion of cancellation
 i - a potion of might
 u - 2 potions of curing
 w - 2 potions of heal wounds
 C - a potion of resistance
Books
 q - a book of Geomancy

   Spells                             Type                      Level
   a - Sandblast                      Earth                        1
   b - Stoneskin                      Transmutation/Earth          2
   c - Passwall                       Transmutation/Earth          3
   d - Stone Arrow                    Conjuration/Earth            3
   e - Petrify                        Transmutation/Earth          4
   f - Lee's Rapid Deconstruction     Earth                        5
Comestibles
 e - 3 meat rations
 o - a beef jerky
 z - a slice of pizza


   Skills:
 + Level 5.2 Fighting
 * Level 6.4 Axes
 - Level 1.7 Throwing
 + Level 3.4 Armour
 + Level 4.6 Dodging
 + Level 4.3 Invocations


You had 7 spell levels left.
You didn't know any spells.

Dungeon Overview and Level Annotations

Branches:
Dungeon (10/15)              Lair (0/8) D:9             Orc (0/4) D:10
 Temple: D:4-7

Altars:
Dithmenos
Fedhas
Makhleb
Ru
Sif Muna
Vehumet
Zin
The Shining One

Shops:
D:8 [

Annotations:
D:5 Prince Ribbit, Sigmund
D:8 4thArraOfDagon's ghost, novice OgHu


Innate Abilities, Weirdness & Mutations

Your body is rotting away.
You thrive on raw meat.
You are immune to poison.
You have sharp fingernails.
You are carnivorous and can eat meat at any time.
Your flesh is cold resistant.
You are immune to negative energy.
You regenerate slowly when monsters are visible.
You are immune to unholy pain and torment.
You can survive without breathing.


Message History

You hear an angry hiss.
The wolf bites you but does no damage.
Unknown command.
Use which ability?
Press: ? - help, Shift-Dir - straight line, f/p - wolf
Aim: a wolf (severely wounded, covered in acid)
Okay, then.
Read which item? (? for menu, Esc to quit)
As you read the scroll labeled WUXEOL OSKE, it crumbles to dust.
It is a scroll of recharging.
Charge which item? (? for menu, Esc to quit)
Your wand of flame {zapped: 2} glows for a moment.
The wolf barely misses you. The wolf bites you.
* * * LOW HITPOINT WARNING * * *
Unknown command.
Drink which item? (? for menu, Esc to quit)
You feel clever all of a sudden.
The wolf bites you but does no damage. x2
The wolf bites you.
You die...

###### #...# ###.#
####'### ### #......# ..#
#......# ## ..#
###......### #. ..#
#####.'....(.'.# #.
..###.....#....hh#.#
..'...#####.....@#.....h≈.
..##### #......###...;≈.
..# #......# ....≈. ..#
#......# ..≈≈. ..#
#......# ≈.≈.5 ###
#####+## .≈.≈ .≈.≈


You could see 2 wolves.

Vanquished Creatures
  A two-headed ogre (D:9)
  A yak (D:9)
  A water moccasin (D:8)
  An orc warrior (D:8)
  3 ogres
  A centaur (D:8)
  4 giant frogs
  2 hounds
  A crimson imp (D:6)
  An orc priest (D:8)
  A centaur skeleton (D:7)
  A quasit (D:9)
  4 worker ants
  An orc wizard (D:8)
  2 oozes
  An adder skeleton (D:9)
  2 giant geckos
  12 orcs
  3 bats (D:1)
  3 giant cockroaches
  7 goblins
  3 hobgoblins
  6 jackals
  2 quokkas
  A giant gecko skeleton (D:5)
  5 giant newts
  4 kobolds
  A rat (D:3)
75 creatures vanquished.

Vanquished Creatures (others)
  A quokka (D:8)
1 creature vanquished.

Grand Total: 76 creatures vanquished

Notes
Turn   | Place    | Note
--------------------------------------------------------------
     0 | D:1      | 4thArraOfDagon the Ghoul Gladiator began the quest for the Orb.
     0 | D:1      | Reached XP level 1. HP: 17/17 MP: 0/0
   114 | D:2      | Reached XP level 2. HP: 20/25 MP: 1/1
   197 | D:2      | Reached skill level 3 in Axes
   230 | D:2      | Found a glowing golden altar of the Shining One.
   454 | D:2      | Reached XP level 3. HP: 27/30 MP: 2/2
   486 | D:2      | Found a burning altar of Makhleb.
   506 | D:2      | Became a worshipper of Makhleb the Destroyer
   648 | D:4      | Reached skill level 1 in Armour
   648 | D:4      | Reached XP level 4. HP: 29/37 MP: 3/3
   693 | D:5      | Entered Level 5 of the Dungeon
   693 | D:5      | Noticed Prince Ribbit
   822 | D:5      | Found a shadowy altar of Dithmenos.
   845 | D:4      | Noticed an ogre
   869 | D:4      | Killed an ogre
   869 | D:4      | Reached skill level 1 in Invocations
   869 | D:4      | Reached XP level 5. HP: 15/45 MP: 3/5
   905 | D:4      | Found a glowing silver altar of Zin.
   922 | D:4      | Found a blossoming altar of Fedhas.
  1019 | D:5      | Noticed Sigmund
  1145 | D:6      | Reached skill level 4 in Axes
  1145 | D:6      | Reached XP level 6. HP: 49/49 MP: 6/6
  1218 | D:7      | Acquired Makhleb's first power
  1559 | D:7      | Reached XP level 7. HP: 58/58 MP: 7/7
  1630 | D:8      | Acquired Makhleb's second power
  1657 | D:8      | Found a deep blue altar of Sif Muna.
  1660 | D:8      | Noticed 4thArraOfDagon's ghost (novice OgHu)
  1694 | D:8      | Noticed a cyclops
  1769 | D:8      | Reached skill level 5 in Axes
  1774 | D:8      | Found Waor Gil's Armour Boutique.
  1871 | D:8      | Reached XP level 8. HP: 51/67 MP: 9/9
  2078 | D:10     | Entered Level 10 of the Dungeon
  2080 | D:10     | Found a staircase to the Orcish Mines.
  2112 | D:9      | Found a staircase to the Lair.
  2146 | D:9      | Found a sacrificial altar of Ru.
  2212 | D:9      | Found a radiant altar of Vehumet.
  2240 | D:9      | Noticed a two-headed ogre
  2247 | D:9      | Killed a two-headed ogre
  2247 | D:9      | Reached skill level 5 in Fighting
  2247 | D:9      | Reached skill level 6 in Axes
  2512 | D:9      | Slain by a wolf

Vault maps used:
D:1:      minmay_arrival_four_loops
D:2:      lemuel_coloured_pillars_altar, overflow_temple_1_default,
          xom_teletrap_fun, first_bread, serial_bayou_ford_a,
          kennysheep_pointless_box
D:4:      kennysheep_little_box, kennysheep_mini_moat,
          nicolae_overflow_hidden_temple
D:5:      nicolae_overflow_crystal_walls, minmay_temple_entry_grid,
          kennysheep_nub, makhleb_altar_promises_db, uniq_sigmund, uniq_edmund,
          uniq_prince_ribbit1, uniq_crazy_yiuf_cottage
D:6:      item_on_display_a, uniq_grinder
D:7:      corexii_shantytown
D:8:      kennysheep_seaside_town, elyvilon_altar_4, lemuel_doored_altar,
          serial_shops, shop, grunt_decor_arrowhead, st_stairs_4
D:9:      vehumet_crystals, nicolae_ru_the_path_less_chosen,
          overflow_temple_1_default, lemuel_crystal_altar, lair_0_dummy,
          basic_altar, serial_ice, serial_ice_c, serial_ice_d, serial_ice_k,
          serial_ice_a, serial_ice_n
D:10:     orc_david_3, hangedman_fish_farm, minivault_16

Action                   |  1- 3 |  4- 6 |  7- 9 || total
-------------------------+-------+-------+-------++-------
Melee: War axe           |    90 |   143 |   116 ||   349
Throw: Throwing net      |     7 |     4 |     2 ||    13
Invok: Minor Destruction |       |       |     2 ||     2
Evoke: Wand              |       |       |     1 ||     1
  Use: Scroll            |       |     5 |     6 ||    11
       Potion            |       |       |     1 ||     1
 Stab: Held in net/web   |       |     2 |     2 ||     4
  Eat: Chunk             |     8 |    10 |    14 ||    32
